 Dungeon Crawl Stone Soup version 0.27-a0-414-gbb19ded6d3 (webtiles) character file.

Game seed: 5406306785770659064

4 tilp the Insei (level 1, 0/13 HPs)
             Began as an Octopode Transmuter on Feb 24, 2021.
             Slain by a giant cockroach (1 damage)
             ... on level 1 of the Dungeon.
             The game lasted 00:00:30 (148 turns).

tilp the Insei (Octopode Transmuter)                 Turns: 148, Time: 00:00:31

Health: 0/13       AC:  1    Str:  9    XL:     1   Next: 70%
Magic:  3/3        EV: 13    Int: 15    God:
Gold:   18         SH:  0    Dex: 12    Spells: 3/4 levels left

rFire    . . .     SeeInvis .     - Unarmed
rCold    . . .     Faith    .   (no shield)
rNeg     . . .     Spirit   .   (helmet restricted)
rPois    .         Reflect  .   (no amulet)
rElec    .         Harm     .   (no ring)
rCorr    .         Rampage  .   (no ring)
Will     .....                  (no ring)
Stlth    +++.......             (no ring)
HPRegen  0.04/turn              (no ring)
MPRegen  0.08/turn              (no ring)
                                (no ring)
                                (no ring)

@: no status effects
A: almost no armour, stealthy swim, amphibious, 8 rings, constrict 8, camouflage
1, gelatinous body 1
a: no special abilities


You were on level 1 of the Dungeon.
You visited 1 branch of the dungeon, and saw 1 of its levels.

You collected 18 gold pieces.

Inventory:

Scrolls
 a - a scroll of identify {unknown}
Potions
 b - a potion of haste {unknown}
 c - 2 potions of brilliance {unknown}


   Skills:
 - Level 1.0 Fighting
 - Level 2.0 Dodging
 + Level 1.9 Stealth
 - Level 3.0 Unarmed Combat
 - Level 2.0 Spellcasting
 - Level 2.0 Transmutations


You had 3 spell levels left.
You knew the following spells:

 Your Spells              Type           Power        Failure   Level
a - Beastly Appendage     Tmut           14%          10%         1

Your spell library contained the following spells:

 Spells                   Type           Power        Failure   Level
 Wereblood                Tmut           7%           14%         2
 Spider Form              Tmut/Pois      2%           41%         3
 Ice Form                 Ice/Tmut       4%           82%         4
 Blade Hands              Tmut           3%           95%         5


Dungeon Overview and Level Annotations

Branches:
Dungeon (1/15)

Altars:


Innate Abilities, Weirdness & Mutations

You cannot wear most types of armour.
You are very stealthy in the water. (Stealth+)
You are amphibious.
You can wear up to eight rings at the same time.
You can use your tentacles to constrict eight enemies at once.
Your skin changes colour to match your surroundings (Stealth+).
Your rubbery body absorbs attacks. (AC +1, EV +1)


Message History

The helpless hobgoblin fails to defend itself.
You tentacle-slap the hobgoblin but do no damage.
Your grab misses the hobgoblin. The hobgoblin hits you with a +0 club.
You tentacle-slap the hobgoblin. Your grab misses the hobgoblin.
The hobgoblin is moderately wounded.
The giant cockroach closely misses you. The hobgoblin closely misses you.
You tentacle-slap the hobgoblin but do no damage.
Your grab misses the hobgoblin.
The hobgoblin is moderately wounded.
The giant cockroach bites you but does no damage.
The hobgoblin misses you.
You tentacle-slap the hobgoblin but do no damage.
Your grab misses the hobgoblin. Your squeeze misses the hobgoblin.
The hobgoblin is moderately wounded.
The giant cockroach bites you. The hobgoblin hits you with a +0 club.
* * * LOW HITPOINT WARNING * * *
You are too injured to fight recklessly!
You are too injured to fight recklessly! 2 frilled lizards and a hobgoblin come into view.
The hobgoblin shouts!
The giant cockroach bites you.
* * * LOW HITPOINT WARNING * * *
The giant cockroach misses you.
Found 14 gold pieces.
The hobgoblin hits you with a +0 club.
* * * LOW HITPOINT WARNING * * *
The giant cockroach completely misses you.
The giant cockroach closely misses you. The giant cockroach barely misses you.
The giant cockroach closely misses you. The giant cockroach closely misses you.
There is a stone staircase leading down here.
The giant cockroach bites you.
* * * LOW HITPOINT WARNING * * *
The giant cockroach barely misses you. The giant cockroach barely misses you.
Things that are here:
a +0 dagger; a kobold corpse The giant cockroach bites you.
You die...

##.#.# # ♣.....♣
#g#.##.# ♣.♣♣♣♣♣
#......# ###'###
##..#####.###.....#
#.g# #.....###.#
##.### #####.....#
#...# #.##### ###.#
#.# #...#######@#
#g###...g.B.# #.#
#.####### #.###.#
#.g.g.# #######


You could see a giant cockroach and a hobgoblin.

Vanquished Creatures
  A dart slug (D:1)
  2 kobolds (D:1)
  A rat (D:1)
4 creatures vanquished.

Notes
Turn   | Place    | Note
-------+----------+-------------------------------------------
     0 | D:1      | tilp the Octopode Transmuter began the quest for the Orb.
     0 | D:1      | Reached XP level 1. HP: 13/13 MP: 3/3
    36 | D:1      | Reached skill level 1 in Stealth
   148 | D:1      | Slain by a giant cockroach

Illustrated notes

Levels and vault maps discovered:
D:1:      psy_arrival_fountain, layout_basic

Skill      XL: |  1 |
---------------+----+-----
Stealth        | 1 |  1.9
Fighting       | |  1.0
Dodging        | |  2.0
Unarmed Combat | |  3.0
Spellcasting   | |  2.0
Transmutations | |  2.0

Action                   || total
-------------------------++-------
Melee: Unarmed           ||    10
       Constrict         ||     3
       Tentacles         ||     1
 Stab: Sleeping          ||     2
Armor: Skin              ||     1
Dodge: Dodged            ||    13

Table legend: (Time is in decaauts)
 A = Elapsed time spent in this place.
 B = Non-inter-level travel time spent in this place.
 C = Inter-level travel time spent in this place.
 D = Time resting spent in this place.
 E = Time spent auto-exploring this place.
 F = Levels seen in this place.
 G = Mean time per level.
                   A        B        C        D        E       F      G
               +--------+--------+--------+--------+--------+-----+--------+
         Total |    147 |    147 |      0 |      0 |     70 |   1 |  147.0 |
       Dungeon |    147 |    147 |      0 |      0 |     70 |   1 |  147.0 |
               +--------+--------+--------+--------+--------+-----+--------+

Top non-repeatable levels by time:
     D:1: 147 daAuts
